 Dungeon Crawl Stone Soup version 0.30-a0-168-g0b976cbdc4 (webtiles) character file.

Game seed: 10976790449279794739

29 qw the Shield-Bearer (level 3, 0/23 HPs)
             Began as a Gargoyle Fighter on Sept 29, 2022.
             Slain by Terence
             ... wielding a +1 hand axe of electrocution
              (4 damage)
             ... on level 2 of the Dungeon.
             The game lasted 00:00:23 (1379 turns).

qw the Shield-Bearer (Gargoyle Fighter)             Turns: 1379, Time: 00:00:23

Health: 0/23       AC: 10    Str: 21    XL:     3   Next: 16%
Magic:  3/3        EV:  9    Int:  8    God:
Gold:   39         SH:  4    Dex:  9    Spells: 2/2 levels left

rFire   . . .      SeeInvis .    Y - +0 war axe
rCold   . . .      Faith    .    c - +0 buckler
rNeg    + . .      Spirit   .    b - +0 scale mail
rPois   inf        Reflect  .    (no helmet)
rElec   +          Harm     .    (no cloak)
rCorr   .          Rampage  .    (no gloves)
Will    .....                    (no boots)
Stlth   ..........               (no amulet)
HPRegen 0.07/turn                (no ring)
MPRegen 0.08/turn                (no ring)

@: no status effects
A: sickness immunity, AC +3, negative energy resistance 1, electricity
resistance, torment resistance 1, petrification resistance
a: no special abilities


You were on level 2 of the Dungeon.
You visited 1 branch of the dungeon, and saw 2 of its levels.

You collected 39 gold pieces.


Innate Abilities, Weirdness & Mutations

You are immune to sickness and miasma.
Your stone body is resilient. (AC +3)
You are immune to poison.
You resist negative energy. (rN+)
You are resistant to electric shocks. (rElec)
You are resistant to unholy torment.
You are immune to petrification.


   Skills:
 - Level 3.2 Fighting
 + Level 3.2 Axes
 - Level 3.2 Armour
 - Level 3.2 Shields


You had 2 spell levels left.
You didn't know any spells.
Your spell library was empty.

Inventory:

Hand Weapons
 f - a +1 vampiric whip
 Y - a +0 war axe (weapon)
Missiles
 e - 6 boomerangs (quivered)
Armour
 b - a +0 scale mail (worn)
 c - a +0 buckler (worn)
Scrolls
 a - 2 scrolls of identify
Potions
 d - a potion of might
 g - a potion of mutation {unknown}
 h - a potion of brilliance {unknown}

Dungeon Overview and Level Annotations

Branches:
Dungeon (2/15)

Altars:
Hepliaklqana

Annotations:
D:2 Terence


Message History

You kill the goblin!
You hit Terence.
Terence is lightly wounded.
You block Terence's attack. Terence closely misses you.
You barely miss Terence.
Terence is lightly wounded.
Terence hits you with a +1 hand axe of electrocution.
You barely miss Terence.
Terence is lightly wounded.
Terence hits you but does no damage.
You closely miss Terence.
Terence is lightly wounded.
Terence hits you but does no damage. Terence barely misses you.
You barely miss Terence.
Terence is lightly wounded.
Terence hits you with a +1 hand axe of electrocution.
You closely miss Terence.
Terence is lightly wounded.
Terence hits you but does no damage.
Terence hits you with a +1 hand axe of electrocution.
You completely miss Terence.
Terence is lightly wounded.
Terence hits you with a +1 hand axe of electrocution.
You barely miss Terence.
Terence is lightly wounded.
Terence hits you but does no damage.
Terence hits you with a +1 hand axe of electrocution.
You hit Terence but do no damage.
Terence is lightly wounded.
Terence hits you but does no damage.
You slash Terence!
Terence is moderately wounded.
Terence barely misses you.
You hit Terence.
Terence is severely wounded.
Terence barely misses you. Terence hits you but does no damage.
You barely miss Terence.
Terence is severely wounded.
Terence hits you with a +1 hand axe of electrocution.
You die...

## #. ### #. ..# #.
#.# #. #.# ####. #.#
#.... #####.## #.#..
#..@...# ### #.#..
#.@#...#####.###.#..
###
#..#[.......#.......
#..
....##..####..###.##.
#.# ###.. #..# #..#
#.##. #.# .......#
#..# #.### ##.#
##....... #..# #.#
#..########.#######
#..# #.# #
#........<..# #...
..# .


You could see Terence.

Vanquished Creatures
  A dart slug (D:1)
  4 ball pythons
  An endoplasm (D:1)
  A giant cockroach (D:1)
  3 goblins
  2 hobgoblins
  3 jackals (D:1)
  3 kobolds (D:1)
  2 quokkas (D:1)
  A frilled lizard (D:1)
  A rat (D:1)
22 creatures vanquished.

Notes
Turn   | Place    | Note
-------+----------+-------------------------------------------
     0 | D:1      | qw the Gargoyle Fighter began the quest for the Orb.
     0 | D:1      | Reached XP level 1. HP: 14/14 MP: 1/1
     0 | D:1      | 0 ||| qw: Version: 0.2-a-12-gaebbb33
     0 | D:1      | 0 ||| qw: Game counter: 1262
     0 | D:1      | 0 ||| qw: Always use a shield: true
     0 | D:1      | 0 ||| qw: God list: Okawaru
     0 | D:1      | 0 ||| qw: Allow faded altars: false
     0 | D:1      | 0 ||| qw: Do Orc after D:15 true
     0 | D:1      | 0 ||| qw: Do second Lair branch before Depths: true
     0 | D:1      | 0 ||| qw: Lair rune preference: random
     0 | D:1      | 0 ||| qw: Plans: Normal, Zot:1-4, God:TSO, Crypt, Tomb,
                  | Pan, Slime:5, Hells, Abyss, Orb
     0 | D:1      | 0 ||| PLANNING D:1-11
     7 | D:1      | You fall into a shaft and drop 1 floor!
   296 | D:1      | Reached XP level 2. HP: 15/19 MP: 2/2
   363 | D:1      | 363 ||| DROPPING +0 club.
   612 | D:1      | Found a faded altar of an unknown god.
   930 | D:1      | Reached skill level 3 in Axes
  1107 | D:1      | Reached XP level 3. HP: 19/23 MP: 3/3
  1232 | D:1      | 1232 ||| READING 2 scrolls labelled KEGIEGY WENGU.
  1233 | D:1      | 1233 ||| READING scroll labelled DYZEOC LITIOJ.
  1234 | D:1      | 1234 ||| READING scroll labelled EFORRI YDOODAELE.
  1237 | D:1      | 1237 ||| READING scroll labelled OSMEAXT DEMU.
  1290 | D:2      | Found a hazy altar of Hepliaklqana.
  1364 | D:2      | Noticed Terence
  1375 | D:2      | HP: 4/23 [Terence/+1 hand axe of electrocution (4)]
  1379 | D:2      | Slain by Terence

Levels and vault maps discovered:
D:1:      dpeg_arrival_boxes_within_box, layout_basic,
          shapermc_ecumenical_altar_starsandcircs
D:2:      minmay_general_purpose_star, layout_loops_ring, basic_altar,
          serial_shops, nicolae_shop_behind_doors, uniq_terence

Skill      XL: |  1  2 |
---------------+-------+-----
Axes           | 2 3 |  3.2
Fighting       | |  3.2
Armour         | |  3.2
Shields        | |  3.2

Action                   || total
-------------------------++-------
Melee: War axe           ||    80
Throw: Boomerang         ||     2
  Use: Scroll            ||     4
Armor: Scale mail        ||    36
Dodge: Dodged            ||    39
Block: Buckler           ||    16

Table legend:
 A = Non-vault XP
 B = Vault XP
 C = Vault XP percentage of total XP
 D = Non-vault monster count
 E = Vault monster count
 F = Vault count percentage of total count
                 A         B        C        D         E       F
            +---------+---------+-------+---------+---------+-------
      Total |      42 |       0 |   0.0 |      22 |       0 |   0.0
            +---------+---------+-------+---------+---------+-------
        D:1 |      37 |       0 |   0.0 |      19 |       0 |   0.0
        D:2 |       5 |       0 |   0.0 |       3 |       0 |   0.0
            +---------+---------+-------+---------+---------+-------
